Map: Emerald City LE

Players

Mola - Winner!

  • Race: Zerg Zerg
  • League: Diamond
  • Spawn Location: 11:00

Asrei - Winner!

  • Race: Protoss Protoss
  • League: Platinum
  • Spawn Location: 11:00

Massa

  • Race: Terran Terran
  • League: Platinum
  • Spawn Location: 5:00

qqq

  • Race: Zerg Zerg
  • Spawn Location: 5:00

VOD

Have the link to the VOD?

Description

Time

  • Played on: Nov. 4, 2020, 2:09 p.m.
  • Length: 12:15
Show
View Real Time Build Order
Export as new Build Order

Mola Zerg - Winner!

Build Orders: Pool First, Muta Ling Bane 

Get SALT Encoding   

  12  0:01  Drone  
  13  0:12  Overlord  
  13  0:18  Drone  
  14  0:30  Drone  
  14  0:31  Drone  
  16  0:42  Spawning Pool  
  15  0:45  Drone  
  16  0:59  Extractor  
  16  1:00  Drone  
  16  1:06  Drone  
  17  1:20  Drone  
  17  1:22  Hatchery, Drone  
  18  1:27  Drone  
  19  1:35  Queen  
  21  1:40  Zergling x2  
  22  1:49  Overlord  
  22  2:07  Drone  
  23  2:14  Metabolic Boost  
  23  2:41  Zergling x4  
  23  2:42  Hatchery, Queen  
  26  2:55  Drone x4  
  26  2:56  Drone x2  
  32  3:05  Baneling Nest  
  31  3:17  Drone  
  31  3:18  Drone x3  
  31  3:19  Zergling x2  
  36  3:33  Lair  
  36  3:38  Overlord x2  
  36  3:47  Overlord x2  
  35  3:50  Zergling x2  
  35  3:51  Baneling x3  
  36  3:55  Queen  
  38  4:05  Drone x3  
  38  4:06  Drone  
  38  4:08  Extractor  
  38  4:09  Extractor  
  40  4:12  Extractor  
  40  4:14  Drone x3  
  42  4:19  Zergling x4  
  44  4:29  Zergling x6  
  44  4:30  Zergling x2  
  46  4:32  Zergling x4  
  46  4:33  Baneling  
  46  4:35  Baneling  
  48  4:46  Drone x3  
  48  4:47  Drone x3  
  54  4:58  Spire  
  53  5:16  Drone x2  
  53  5:17  Drone, Baneling x2  
  53  5:18  Baneling  
  53  5:21  Centrifical Hooks  
  56  5:27  Zergling x4  
  56  5:28  Zergling x4  
  60  5:29  Drone x4  
  60  5:30  Overlord  
  62  5:49  Baneling x2  
  61  5:56  Overlord  
  61  6:02  Baneling x2  
  61  6:09  Mutalisk x2  
  61  6:10  Mutalisk x2  
  69  6:17  Extractor  
  68  6:18  Drone  
  68  6:19  Extractor, Drone x3  
  71  6:29  Mutalisk x2  
  75  6:37  Drone  
  75  6:38  Drone x2  
  75  6:39  Drone x3  
  80  6:54  Hatchery  
  80  6:55  Mutalisk  
  80  6:57  Overlord x3  
  81  7:06  Overlord  
  81  7:09  Overlord, Zerg Flyer Weapons Level 1  
  81  7:10  Overlord x2  
  81  7:17  Mutalisk x4  
  89  7:29  Mutalisk  
  89  7:30  Mutalisk  
  92  7:41  Zergling x2  
  90  7:51  Overseer  
  90  7:52  Overseer x2  
  90  7:54  Drone  
  90  7:55  Drone x4  
  90  7:58  Mutalisk x3  
  95  7:59  Mutalisk  
  103  8:07  Hatchery  
  103  8:09  Evolution Chamber  
  103  8:10  Drone x2, Evolution Chamber  
  103  8:11  Drone x2  
  104  8:26  Mutalisk x4  
  97  8:36  Corruptor x2  
  101  9:04  Mutalisk x4  
  101  9:18  Mutalisk x3  
  95  9:34  Corruptor x2  
  99  9:39  Zergling x26  
  112  9:48  Zerg Melee Weapons Level 1, Zerg Ground Armor Level 1  
  112  9:56  Hatchery  
  112  9:59  Mutalisk x2  
  111  10:00  Mutalisk x3  
  121  10:22  Mutalisk x3  
  127  10:36  Pneumatized Carapace  
  127  10:42  Baneling x3  
  125  10:58  Overlord  
  125  10:59  Overlord x3  
  125  11:05  Overlord x3  
  125  11:09  Queen  
  127  11:11  Overlord x3  
  127  11:37  Mutalisk  
  127  11:38  Mutalisk x8  
  144  11:50  Mutalisk x4  
Show
View Real Time Build Order
Export as new Build Order

Asrei Protoss - Winner!

Build Orders: 1 Gate Expand 

Get SALT Encoding   

  12  0:00  Probe  
  13  0:12  Probe  
  14  0:20  Pylon  
  14  0:24  Probe  
  15  0:38  Probe (Chrono Boost)  
  15  0:41  Gateway  
  17  0:50  Probe (Chrono Boost), Assimilator  
  17  0:54  Probe (Chrono Boost)  
  18  1:04  Probe  
  19  1:17  Probe  
  20  1:25  Assimilator  
  20  1:29  Probe  
  21  1:38  Nexus  
  21  1:46  Pylon  
  21  1:47  Probe  
  22  2:03  Cybernetics Core  
  22  2:04  Probe  
  23  2:16  Probe  
  23  2:21  Gateway  
  24  2:27  Pylon  
  24  2:29  Probe  
  25  2:36  Adept (Chrono Boost)  
  24  2:38  Warp Gate (Chrono Boost)  
  24  2:41  Probe  
  27  2:53  Probe  
  27  2:58  Robotics Facility  
  28  3:01  Adept  
  28  3:05  Probe  
  31  3:06  Probe  
  32  3:17  Probe  
  33  3:23  Probe  
  34  3:28  Stalker  
  34  3:29  Probe  
  34  3:32  Sentry  
  39  3:34  Shield Battery  
  39  3:35  Probe  
  40  3:41  Probe  
  40  3:47  Probe  
  42  3:49  Pylon  
  42  3:53  Observer (Chrono Boost)  
  42  3:54  Probe  
  44  3:59  Probe  
  45  4:05  Twilight Council  
  45  4:06  Probe  
  45  4:07  Observer (Chrono Boost)  
  45  4:09  Pylon  
  47  4:11  Probe  
  48  4:18  Probe  
  48  4:22  Observer (Chrono Boost), Assimilator  
  48  4:23  Probe  
  51  4:26  Assimilator  
  51  4:28  Zealot  
  53  4:35  Immortal (Chrono Boost)  
  53  4:37  Stalker  
  59  4:56  Shield Battery  
  59  4:59  Probe, Gateway  
  60  5:04  Immortal (Chrono Boost)  
  64  5:11  Probe  
  65  5:23  Probe  
  66  5:29  Stalker x2  
  70  5:53  Robotics Bay  
  70  5:55  Pylon  
  70  5:58  Gateway  
  70  6:01  Forge  
  70  6:04  Gateway  
  70  6:07  Pylon  
  70  6:09  Charge (Chrono Boost)  
  70  6:10  Pylon  
  70  6:13  Probe x2, Observer  
  70  6:15  Robotics Facility  
  74  6:25  Probe  
  74  6:29  Pylon  
  74  6:31  Pylon  
  74  6:41  Nexus  
  74  6:43  Extended Thermal Lance (Chrono Boost)  
  74  6:44  Pylon  
  74  6:46  Assimilator  
  74  6:48  Assimilator  
  74  6:53  Colossus (Chrono Boost)  
  80  7:00  Colossus (Chrono Boost)  
  87  7:08  Probe x2  
  88  7:19  Photon Cannon  
  88  7:20  Probe, Shield Battery  
  89  7:24  Pylon  
  89  7:35  Zealot  
  91  7:40  Colossus (Chrono Boost)  
  97  7:46  Colossus, Pylon, Stalker x2  
  107  7:52  Pylon  
  107  7:58  Photon Cannon  
  107  8:02  Photon Cannon, Zealot  
  107  8:03  Sentry  
  107  8:05  Sentry  
  113  8:24  Stalker x3  
  116  8:34  Observer  
  116  8:41  Observer  
  114  8:53  Shield Battery  
  114  8:54  Gateway  
  96  8:56  Observer, Stalker x4  
  96  8:58  Probe  
  105  9:10  Probe, Photon Cannon  
  105  9:13  Photon Cannon  
  105  9:14  Probe x2  
  108  9:22  Probe (Chrono Boost)  
  109  9:24  Photon Cannon  
  109  9:26  Probe (Chrono Boost)  
  109  9:28  Probe (Chrono Boost)  
  111  9:31  Pylon  
  111  9:38  Probe (Chrono Boost)  
  114  9:39  Probe (Chrono Boost)  
  114  9:44  Probe (Chrono Boost)  
  115  9:46  Probe (Chrono Boost)  
  115  9:47  Probe (Chrono Boost)  
  115  9:50  Protoss Ground Weapons Level 1 (Chrono Boost)  
  115  9:51  Colossus  
  123  9:54  Probe x2 (Chrono Boost)  
  123  9:55  Probe (Chrono Boost)  
  123  9:57  Pylon  
  125  10:00  Probe  
  125  10:04  Probe  
  125  10:05  Gravitic Boosters (Chrono Boost)  
  127  10:16  Probe  
  127  10:19  Nexus  
  128  10:23  Photon Cannon  
  127  10:28  Probe  
  127  10:31  Observer  
  127  10:33  Zealot x2  
  133  10:46  Observer  
  134  10:52  Colossus, Gravitic Drive (Chrono Boost)  
  134  10:53  Stalker x3  
  146  11:02  Stalker  
  146  11:03  Stalker x2  
  152  11:20  Colossus  
  152  11:22  Zealot x2  
  133  11:47  Zealot  
  133  11:48  Zealot x3, Stalker x2  
  132  12:15  Zealot, Stalker x2  
Show
View Real Time Build Order
Export as new Build Order

Massa Terran 

Build Orders:  

Get SALT Encoding   

  12  0:00  SCV  
  13  0:12  SCV  
  14  0:21  Supply Depot  
  14  0:24  SCV  
  15  0:37  Refinery  
  15  0:43  SCV  
  15  0:44  Barracks  
  16  0:55  SCV  
  17  1:21  SCV  
  17  1:33  SCV  
  17  1:38  Barracks  
  18  1:45  SCV  
  20  1:54  Reaper  
  20  1:57  Command Center  
  20  1:59  Supply Depot  
  20  2:08  Orbital Command  
  20  2:26  Marine  
  21  2:36  Barracks Tech Lab  
  21  2:44  Supply Depot  
  21  2:45  SCV  
  22  2:52  Engineering Bay  
  22  2:57  SCV  
  23  3:01  Marauder  
  23  3:03  Factory, Marine  
  26  3:09  SCV  
  26  3:44  Stimpack  
  26  3:47  Barracks Reactor  
  26  3:50  Orbital Command  
  26  3:51  SCV  
  26  3:54  Refinery  
  27  3:57  Refinery  
  27  3:59  Missile Turret  
  27  4:03  SCV  
  27  4:05  Factory Tech Lab, Missile Turret  
  27  4:07  Marine  
  29  4:15  SCV  
  29  4:17  SCV  
  31  4:25  Supply Depot  
  31  4:27  SCV  
  31  4:29  SCV  
  31  4:30  Ghost Academy  
  33  4:39  Marine x2  
  33  4:40  SCV, Siege Tank  
  33  4:41  SCV, Marauder  
  42  4:52  SCV  
  43  4:53  SCV  
  43  4:55  Supply Depot  
  44  5:02  Supply Depot  
  44  5:04  SCV  
  44  5:05  Starport  
  45  5:08  Marine x2  
  45  5:10  Marauder  
  45  5:14  Widow Mine  
  51  5:15  SCV  
  51  5:16  SCV  
  53  5:25  Personal Cloaking  
  53  5:27  SCV  
  53  5:28  SCV  
  55  5:31  Marine  
  55  5:32  Marine  
  55  5:35  Widow Mine  
  59  5:45  Medivac  
  61  5:54  SCV  
  61  5:55  SCV  
  61  5:56  Widow Mine  
  65  5:58  Refinery  
  65  6:06  Ghost  
  65  6:07  SCV, Marine  
  65  6:08  Marine  
  70  6:14  SCV  
  71  6:19  SCV  
  72  6:25  Marine x2  
  72  6:27  Widow Mine  
  76  6:37  Command Center  
  76  6:39  SCV x2  
  78  6:50  Nuke  
  78  6:52  Supply Depot  
  78  6:54  Missile Turret, Supply Depot  
  78  6:56  Missile Turret  
  78  7:04  Missile Turret  
  78  7:09  Combat Shield  
  78  7:13  SCV x2, Marine x2  
  78  7:14  Widow Mine  
  84  7:17  Supply Depot  
  84  7:22  Terran Infantry Armor Level 1  
  84  7:26  SCV x2, Armory  
  86  7:30  Engineering Bay  
  86  7:33  Command Center  
  86  7:35  Starport Tech Lab  
  84  7:50  Ghost Academy  
  84  7:52  SCV x2  
  86  8:02  Missile Turret  
  86  8:03  Missile Turret  
  86  8:04  SCV x2  
  88  8:14  Siege Tank  
  91  8:24  Missile Turret  
  91  8:39  Orbital Command  
  91  8:46  Siege Tank  
  94  9:13  Marine x2, Ghost  
  98  9:18  Medivac, Siege Tank  
  101  9:31  Marine x2  
  103  9:38  SCV x2  
  103  9:39  SCV, Barracks  
  103  9:41  Ghost  
  108  9:48  Medivac  
  108  9:49  Marine x2  
  108  9:50  SCV, Factory, Siege Tank  
  116  9:58  Orbital Command  
  116  9:59  Supply Depot  
  116  10:00  Supply Depot  
  116  10:01  SCV x2  
  116  10:03  SCV  
  119  10:07  Marine x2  
  119  10:13  SCV x2  
  123  10:15  SCV  
  123  10:18  Medivac  
  126  10:22  Siege Tank  
  126  10:24  Supply Depot  
  126  10:25  SCV x2  
  126  10:26  Supply Depot  
  126  10:27  Barracks  
  127  10:47  Supply Depot  
  127  10:56  Marauder, Marine x2  
  131  10:59  Factory Tech Lab  
  131  11:07  Barracks Tech Lab  
  131  11:11  Supply Depot  
  131  11:14  Nuke x2, Marine  
  131  11:17  Marauder  
  127  11:39  Marauder  
  126  11:40  Marauder  
  126  11:41  Barracks Tech Lab, Marine  
  126  11:42  Marine  
Show
View Real Time Build Order
Export as new Build Order

qqq Zerg 

Build Orders: Hatch First 

Get SALT Encoding   

  12  0:00  Drone  
  13  0:08  Drone  
  14  0:38  Hatchery  
  14  0:39  Drone  
  14  0:57  Spawning Pool  
  13  1:08  Overlord  
  13  1:09  Drone  
  14  1:16  Extractor, Drone  
  14  1:33  Drone x2  
  16  1:53  Drone x2  
  18  1:55  Queen  
  18  1:57  Queen  
  18  2:00  Drone  
  23  2:05  Drone  
  23  2:07  Drone  
  25  2:13  Drone  
  26  2:17  Drone  
  27  2:25  Overlord  
  27  2:29  Drone  
  28  2:30  Extractor  
  28  2:36  Drone  
  28  2:39  Overlord  
  28  2:42  Metabolic Boost  
  28  2:45  Drone  
  28  2:47  Zergling x2  
  30  2:56  Zergling x2  
  31  2:59  Drone  
  32  3:05  Drone  
  32  3:06  Zergling x4  
  32  3:09  Drone  
  32  3:10  Drone x3  
  39  3:13  Zergling x2  
  40  3:23  Zergling x2  
  40  3:24  Lair  
  40  3:25  Drone  
  42  3:36  Zergling x2  
  42  3:39  Hatchery  
  42  3:43  Zergling x2  
  43  3:51  Drone  
  43  3:53  Extractor, Overlord x2  
  43  3:54  Drone  
  44  3:55  Overlord  
  44  4:11  Drone x3  
  44  4:12  Drone x2  
  49  4:18  Extractor, Drone  
  49  4:21  Extractor  
  49  4:22  Drone  
  49  4:29  Drone x3  
  45  4:37  Zergling x6  
  47  4:41  Drone, Spire  
  47  4:42  Drone x2  
  49  4:54  Queen  
  49  4:56  Drone  
  49  4:58  Hatchery, Zergling x2  
  52  5:01  Zergling x2  
  52  5:03  Drone  
  52  5:04  Drone  
  55  5:10  Zergling x2, Overlord  
  55  5:11  Zergling x2  
  55  5:12  Drone  
  58  5:15  Drone  
  58  5:16  Drone  
  58  5:18  Drone  
  58  5:21  Zergling x2  
  62  5:22  Drone  
  63  5:30  Drone  
  63  5:34  Spine Crawler  
  63  5:39  Zergling x4  
  63  5:40  Zergling x12  
  71  5:43  Spore Crawler  
  70  5:54  Spore Crawler  
  70  5:56  Corruptor  
  71  6:01  Hatchery  
  70  6:09  Spore Crawler  
  70  6:10  Drone x2  
  70  6:11  Drone  
  72  6:13  Corruptor x2  
  72  6:16  Mutalisk  
  78  6:19  Overlord  
  78  6:23  Zerg Flyer Weapons Level 1  
  78  6:25  Drone  
  79  6:29  Mutalisk  
  79  6:31  Overlord  
  81  6:33  Drone  
  81  6:39  Mutalisk  
  82  6:40  Mutalisk  
  82  6:41  Mutalisk  
  82  6:43  Drone  
  89  6:49  Overlord x3  
  88  6:54  Corruptor  
  88  6:58  Mutalisk x2  
  94  7:01  Drone  
  95  7:09  Spore Crawler  
  95  7:13  Spore Crawler  
  95  7:14  Mutalisk x4  
  101  7:16  Mutalisk  
  101  7:18  Drone  
  101  7:19  Drone  
  105  7:23  Drone, Mutalisk  
  105  7:26  Drone  
  109  7:38  Mutalisk  
  109  7:48  Hydralisk Den  
  109  7:49  Overlord x3  
  109  7:50  Drone  
  109  7:51  Drone x4  
  101  7:53  Extractor  
  101  7:55  Extractor  
  101  7:57  Mutalisk  
  102  7:59  Zergling x8, Overlord  
  102  8:00  Overlord x2  
  102  8:01  Drone  
  107  8:09  Drone x2  
  103  8:42  Mutalisk x5  
  103  8:44  Drone x3  
  116  8:56  Hatchery  
  115  9:05  Mutalisk  
  115  9:06  Hatchery, Mutalisk x2  
  115  9:07  Drone x2  
  122  9:11  Hatchery  
  113  9:19  Mutalisk  
  107  9:27  Zergling x8  
  107  9:28  Drone x2  
  111  9:45  Drone  
  112  9:47  Extractor x2  
  112  9:51  Drone  
  112  9:52  Corruptor  
  111  9:53  Mutalisk x2, Corruptor  
  111  9:57  Extractor  
  118  10:01  Drone  
  119  10:12  Infestation Pit  
  118  10:17  Drone  
  119  10:24  Drone  
  119  10:25  Drone x2  
  119  10:26  Drone x2, Corruptor x2  
  119  10:27  Overlord  
  119  10:28  Corruptor, Overlord x2  
  128  10:29  Overlord  
  128  10:30  Overlord  
  128  10:33  Drone  
  128  10:34  Drone x3  
  126  11:04  Spore Crawler  
  126  11:05  Drone x2  
  126  11:06  Drone x8, Spore Crawler  
  126  11:07  Drone x2  
  126  11:10  Spore Crawler  
  135  11:11  Spore Crawler  
  135  11:14  Spine Crawler  
  135  11:15  Spore Crawler  
  135  11:16  Spore Crawler  
  135  11:18  Mutalisk x2, Corruptor  
  133  11:19  Corruptor x2  
  133  11:20  Hydralisk x4  
  133  11:21  Hydralisk  
  133  11:22  Drone x3  
  133  11:23  Drone  
  124  11:50  Drone x4  
  124  11:51  Drone  
Tags
 
Add a new tag
Caveats
  • Supply blocks, unpowered buildings, or Contaminate may cause inaccurate times.
  • Supply counts are checked every 10 seconds.